 Dungeon Crawl Stone Soup version 0.27-a0-1140-g099f9bb0e8 (webtiles) character file.

Game seed: 7357809635395932459

280 Zeld the Chucker (level 6, -5/42 HPs)
             Began as an Octopode Fighter on May 8, 2021.
             Was an Initiate of Okawaru.
             Slain by Grinder (10 damage)
             ... on level 4 of the Dungeon.
             The game lasted 00:07:00 (4303 turns).

Zeld the Chucker (Octopode Fighter)                 Turns: 4303, Time: 00:07:00

Health: -5/42      AC:  1    Str: 17    XL:     6   Next: 27%
Magic:  6/6        EV: 11    Int: 10    God:    Okawaru [......]
Gold:   192        SH:  9    Dex: 12    Spells: 5/5 levels left

rFire    . . .     SeeInvis .   a - +0 war axe
rCold    + . .     Faith    .   b - +0 kite shield
rNeg     . . .     Spirit   .   (helmet restricted)
rPois    .         Reflect  .   (no amulet)
rElec    .         Harm     .   o - ring of protection from cold
rCorr    .         Rampage  .   (no ring)
Will     .....                  (no ring)
Stlth    ++........             (no ring)
HPRegen  0.14/turn              (no ring)
MPRegen  0.10/turn              (no ring)
                                (no ring)
                                (no ring)

@: mighty
A: almost no armour, amphibious, 8 rings, camouflage 1, gelatinous body 1,
(nimble swimmer 1), tentacles
a: Renounce Religion


You were on level 4 of the Dungeon.
You worshipped Okawaru.
Okawaru was noncommittal.
You visited 1 branch of the dungeon, and saw 4 of its levels.

You collected 192 gold pieces.

Inventory:

Hand Weapons
 a - a +0 war axe (weapon)
Missiles
 h - 24 poisoned darts (quivered)
Armour
 b - a +0 kite shield (worn)
Jewellery
 o - a ring of protection from cold (left tentacle)
Wands
 n - a wand of flame (21)
 q - a wand of mindburst (9)
Scrolls
 e - 2 scrolls of identify {unknown}
 f - a scroll of teleportation {unknown}
 k - a scroll of noise {unknown}
 m - a scroll of holy word {unknown}
Potions
 d - a potion of heal wounds {unknown}
 g - a potion of invisibility {unknown}
 i - 2 potions of curing {unknown}
 j - a potion of degeneration {unknown}
 l - 2 potions of flight {unknown}
 p - a potion of cancellation {unknown}


   Skills:
 - Level 3.6 Fighting
 - Level 2.8 Axes
 * Level 4.6 Throwing
 - Level 3.0 Dodging
 - Level 3.6 Shields


You had 5 spell levels left.
You didn't know any spells.
Your spell library contained the following spells:

 Spells                   Type           Power      Damage    Failure   Level
 Corona                   Hex            0%         N/A       86%         1
 Freeze                   Ice            0%         1d3       86%         1
 Shock                    Conj/Air       0%         1d3       86%         1
 Ensorcelled Hibernation  Hex/Ice        0%         N/A       94%         2
 Static Discharge         Conj/Air       0%         N/A       94%         2
 Confusing Touch          Hex            0%         N/A       99%         3
 Dazzling Flash           Conj/Hex       0%         N/A       99%         3
 Frozen Ramparts          Ice            0%         1d2       99%         3
 Ozocubu's Armour         Ice            0%         N/A       99%         3
 Swiftness                Air            0%         N/A       99%         3
 Tukima's Dance           Hex            0%         N/A       99%         3
 Airstrike                Air            0%         N/A       100%        4
 Hailstorm                Conj/Ice       0%         3d3       100%        4
 Lightning Bolt           Conj/Air       0%         1d11      100%        5
 Metabolic Englaciation   Hex/Ice        0%         N/A       100%        5


Dungeon Overview and Level Annotations

Branches:
Dungeon (4/15)
 Temple: D:4-7

Altars:
Hepliaklqana
Okawaru
Uskayaw
Zin

Annotations:
D:4 Grinder


Innate Abilities, Weirdness & Mutations

You cannot wear most types of armour.
You are amphibious.
You can wear up to eight rings at the same time.
Your skin changes colour to match your surroundings (Stealth+).
Your rubbery body absorbs attacks. (AC +1, EV +1)
((You are camouflaged near water. (Stealth+)))
You have tentacles for arms and can constrict up to eight enemies at once.


Message History

Found a dagger.
Grinder grins, showing sharp teeth.
The hound bites you.
You see here 8 gold pieces.
Grinder gestures at you. You resist with significant effort.
The hound bites you.
You slash the hound! Your grab misses the hound.
The hound is severely wounded.
The hound bites you. x2
You miss the hound. Your grab misses the hound. You squeeze the hound!
You kill the hound!
Okawaru accepts your kill. Grinder gestures at you.
Pain shoots through your body!
You feel very mighty all of a sudden. Grinder misses you.
You barely miss Grinder. You grab Grinder. You constrict Grinder.
Grinder gestures at you.
You suddenly lose the ability to move!
You lose your grip on Grinder.
Grinder blinks!
Grinder says, "Just stop there for a second..."
Grinder blinks!
Grinder hits you.
You writhe in agony.
You can move again.
You are too injured to fight recklessly!
You closely miss Grinder. Your grab misses Grinder.
Grinder is lightly wounded.
Grinder barely misses you. Grinder hits you.
Unknown command.
You barely miss Grinder. You grab Grinder.
Grinder is lightly wounded.
You constrict Grinder. Grinder gestures at you. Pain shoots through your body!
* * * LOW HITPOINT WARNING * * *
Unknown command.
You hit Grinder.
Grinder is moderately wounded.
You constrict Grinder. You block Grinder's attack. Grinder hits you!
You die...

#### #[..########### #######
#.............###.....##
#..8.......8..##.8..#..#
#.........5@..#....###.#
#..8.......8..#.8..#.#.##
#.....!)......#....'_#..#
)...8..._...8....8..#.#..#
.......###..........###..#
..................8..#...####
.###...#.....................
#...#.....#######..#######
+.....# #.#.......


You could see Grinder.

Vanquished Creatures
  A kobold brigand (D:4)
  A hound (D:4)
  A hound skeleton (D:4)
  3 gnolls (D:3)
  5 adders
  An adder skeleton (D:4)
  3 dart slugs
  4 bats
  6 endoplasms
  6 giant cockroaches
  8 goblins
  6 hobgoblins
  8 jackals
  4 quokkas
  5 ball pythons
  2 frilled lizards (D:3)
  4 kobolds
  6 rats
74 creatures vanquished.

Notes
Turn   | Place    | Note
-------+----------+-------------------------------------------
     0 | D:1      | Zeld the Octopode Fighter began the quest for the Orb.
     0 | D:1      | Reached XP level 1. HP: 16/16 MP: 1/1
   433 | D:1      | Reached XP level 2. HP: 17/21 MP: 2/2
  1039 | D:1      | Reached XP level 3. HP: 24/26 MP: 3/3
  1182 | D:1      | Found a faded altar of an unknown god.
  1587 | D:2      | Reached XP level 4. HP: 32/32 MP: 4/4
  1757 | D:2      | Reached skill level 1 in Throwing
  3040 | D:3      | Reached skill level 2 in Throwing
  3065 | D:3      | Reached XP level 5. HP: 18/36 MP: 1/5
  3377 | D:4      | Noticed Grinder
  3387 | D:4      | Found a hazy altar of Hepliaklqana.
  3387 | D:4      | Found an iron altar of Okawaru.
  3395 | D:4      | Became a worshipper of Warmaster Okawaru
  3672 | D:4      | Reached skill level 3 in Throwing
  3795 | D:4      | Noticed a kobold brigand
  3871 | D:4      | Killed a kobold brigand
  3872 | D:4      | Reached skill level 4 in Throwing
  3872 | D:4      | Reached XP level 6. HP: 11/42 MP: 6/6
  4269 | D:4      | Found a glowing silver altar of Zin.
  4276 | D:4      | Found a hide-covered altar of Uskayaw.
  4295 | D:4      | Paralysed by Grinder for 6 turns
  4303 | D:4      | Slain by Grinder

Illustrated notes

Levels and vault maps discovered:
D:1:      shiori_arrival_elements, layout_loops_ring,
          shapermc_ecumenical_altar_mp_vishouse
D:2:      layout_loops_cross, kennysheep_potato
D:3:      minmay_general_purpose_star, layout_rooms
D:4:      layout_basic, eat_drink_and_be_merry_uskayaw, zin_statuary,
          gammafunk_temple_overflow_statue, gammafunk_ghost_icy, uniq_grinder

Skill      XL: |  1  2  3  4  5 |
---------------+----------------+-----
Throwing       | 2 4 |  4.6
Fighting       | |  3.6
Axes           | |  2.8
Dodging        | |  3.0
Shields        | |  3.6

Action                   |  1- 3 |  4- 6 || total
-------------------------+-------+-------++-------
Melee: War axe           |    58 |    79 ||   137
       Constrict         |    15 |    22 ||    37
       Tentacles         |     7 |    17 ||    24
Throw: Dart              |       |     3 ||     3
  Use: Potion            |       |     1 ||     1
 Stab: Sleeping          |     4 |     5 ||     9
Armor: Skin              |     2 |     6 ||     8
Dodge: Dodged            |    21 |    38 ||    59
Block: Kite shield       |    35 |    44 ||    79

Table legend: (Time is in decaauts)
 A = Elapsed time spent in this place.
 B = Non-inter-level travel time spent in this place.
 C = Inter-level travel time spent in this place.
 D = Time resting spent in this place.
 E = Time spent auto-exploring this place.
 F = Levels seen in this place.
 G = Mean time per level.
                   A        B        C        D        E       F      G
               +--------+--------+--------+--------+--------+-----+--------+
         Total |   4392 |   4243 |    149 |    916 |   2653 |   4 | 1098.0 |
       Dungeon |   4392 |   4243 |    149 |    916 |   2653 |   4 | 1098.0 |
               +--------+--------+--------+--------+--------+-----+--------+

Top non-repeatable levels by time:
     D:3: 1401 daAuts
     D:1: 1304 daAuts
     D:2: 939 daAuts
     D:4: 747 daAuts
